 Dungeon Crawl Stone Soup version 0.27-a0-1196-g3e9cee4cb2 (webtiles) character file.

Game seed: 8738137069524645923

19 Morbidden the Sneak (level 2, -1/17 HPs)
             Began as a Kobold Brigand on May 29, 2021.
             Slain by an orc
             ... wielding a +0 club
              (3 damage)
             ... on level 2 of the Dungeon.
             The game lasted 00:00:49 (1291 turns).

Morbidden the Sneak (Kobold Brigand)                Turns: 1291, Time: 00:00:51

Health: -1/17      AC:  3    Str:  8    XL:     2   Next: 95%
Magic:  2/2        EV: 14    Int: 12    God:
Gold:   65         SH:  0    Dex: 16    Spells: 1/1 levels left

rFire    . . .     SeeInvis .   a - +2 dagger
rCold    . . .     Faith    .   (shield restricted)
rNeg     . . .     Spirit   .   g - +0 robe
rPois    .         Reflect  .   (no helmet)
rElec    .         Harm     .   c - +0 cloak
rCorr    .         Rampage  .   (no gloves)
Will     .....                  (no boots)
Stlth    ++++......             (no amulet)
HPRegen  0.05/turn              (no ring)
MPRegen  0.08/turn              (no ring)

@: no status effects
A: small, no large weapons, nightstalker 3
a: no special abilities


You were on level 2 of the Dungeon.
You visited 1 branch of the dungeon, and saw 2 of its levels.

You collected 65 gold pieces.

Inventory:

Hand Weapons
 a - a +2 dagger (weapon)
 b - a +0 short sword of flaming
Missiles
 d - 8 poisoned darts (quivered)
 e - 2 curare-tipped darts
Armour
 c - a +0 cloak (worn)
 g - a +0 robe (worn)
Scrolls
 i - a scroll of summoning {unknown}
Potions
 f - a potion of curing {unknown}
 h - a potion of flight {unknown}
 j - a potion of invisibility {unknown}
 k - a potion of lignification {unknown}


   Skills:
 * Level 2.3 Fighting
 * Level 3.2 Short Blades
 + Level 2.3 Throwing
 * Level 1.6 Dodging
 + Level 5.7 Stealth


You had one spell level left.
You didn't know any spells.
Your spell library was empty.

Dungeon Overview and Level Annotations

Branches:
Dungeon (2/15)

Altars:


Innate Abilities, Weirdness & Mutations

You are small and have problems with some larger weapons.
You are completely attuned to the shadows.


Message History

Partly explored, can't reach some places.
No target in view!
Partly explored, can't reach some places.
No target in view!
Partly explored, can't reach some places.
You see here a +0 leather armour.
There is a stone staircase leading down here.
You climb downwards.
There is a stone staircase leading up here.
A frilled lizard comes into view.
A frilled lizard is nearby!
A frilled lizard is nearby!
The helpless frilled lizard fails to defend itself.
You impale the frilled lizard!!
You kill the frilled lizard! 2 orcs come into view.
An orc comes into view. It is wielding a +0 dagger.
The orc shouts!
You hear a shout!
The orc shouts!
An orc comes into view. It is wielding a +0 flail.
The orc barely misses you.
There are monsters nearby!
You hit the orc.
The orc is lightly wounded.
The orc hits you but does no damage. The orc misses you. x2
There are monsters nearby!
You closely miss the orc.
The orc is lightly wounded.
The orc misses you. x2
There are monsters nearby!
You hit the orc.
The orc is heavily wounded.
The orc hits you with a +0 falchion. The orc completely misses you.
The orc hits you with a +0 dagger. The orc hits you with a +0 club.
You hit the orc.
The orc is severely wounded.
The orc hits you with a +0 falchion. The orc hits you but does no damage.
The orc hits you with a +0 dagger.
* * * LOW HITPOINT WARNING * * *
The orc hits you with a +0 club.
You die...

###### .....#
...o.############
...o@...........#
...oo##########.#
....## #####.#
.... ......# ....
. #.......#
##.#....##...#
##.#..#..##..##
...#.......#....##
...#.#.#.#.......#


You could see 4 orcs.

Vanquished Creatures
  A dart slug (D:1)
  2 endoplasms (D:1)
  A giant cockroach (D:1)
  A goblin (D:1)
  2 hobgoblins (D:1)
  2 quokkas (D:1)
  A ball python (D:1)
  2 bats (D:1)
  2 frilled lizards
  2 kobolds (D:1)
16 creatures vanquished.

Notes
Turn   | Place    | Note
-------+----------+-------------------------------------------
     0 | D:1      | Morbidden the Kobold Brigand began the quest for the Orb.
     0 | D:1      | Reached XP level 1. HP: 12/12 MP: 1/1
   125 | D:1      | Reached XP level 2. HP: 9/17 MP: 2/2
  1291 | D:2      | Slain by an orc

Illustrated notes

Levels and vault maps discovered:
D:1:      lemuel_arrival_river_ford, layout_loops_corners
D:2:      layout_basic, basic_altar, ebering_ecumenical_altar_abandoned,
          grunt_decor_arrowhead, hangedman_decor_opposing, serial_bayou_pond_d,
          st_stairs_2

Skill      XL: |  1 |
---------------+----+-----
Short Blades   | 3 |  3.2
Fighting       | |  2.3
Throwing       | |  2.3
Dodging        | |  1.6
Stealth        | |  5.7

Action                   || total
-------------------------++-------
Melee: Dagger            ||    41
 Stab: Sleeping          ||    11
Armor: Robe              ||     6
Dodge: Dodged            ||    15

Table legend: (Time is in decaauts)
 A = Elapsed time spent in this place.
 B = Non-inter-level travel time spent in this place.
 C = Inter-level travel time spent in this place.
 D = Time resting spent in this place.
 E = Time spent auto-exploring this place.
 F = Levels seen in this place.
 G = Mean time per level.
                   A        B        C        D        E       F      G
               +--------+--------+--------+--------+--------+-----+--------+
         Total |   1289 |   1281 |      8 |      0 |   1188 |   2 |  644.5 |
       Dungeon |   1289 |   1281 |      8 |      0 |   1188 |   2 |  644.5 |
               +--------+--------+--------+--------+--------+-----+--------+

Top non-repeatable levels by time:
     D:1: 1246 daAuts
     D:2: 43 daAuts
